 Dungeon Crawl Stone Soup version 0.31-a0-662-g684573625c (webtiles) character file.

Game seed: 13018003993323584588

296 Aneyh the Trooper (level 6, -19/41 HPs)
             Began as a Tengu Monk on Sept 1, 2023.
             Demolished by an ogre
             ... wielding a +0 giant club
              (33 damage)
             ... on level 3 of the Dungeon.
             The game lasted 00:08:15 (3592 turns).

Aneyh the Trooper (Tengu Monk)                      Turns: 3592, Time: 00:08:16

Health: -19/41     AC:  5    Str: 13    XL:     6   Next: 34%
Magic:  7/7        EV: 11    Int: 11    God:
Gold:   138        SH:  0    Dex: 16    Spells: 4/5 levels left

rFire   . . .        a - +0 spear
rCold   . . .        (no shield)
rNeg    . . .        k - +0 ring mail
rPois   .            (helmet restricted)
rElec   .            (no cloak)
rCorr   .            (no gloves)
SInv    .            (boots unavailable)
Will    .....        g - amulet of the acrobat
Stlth   +            (no ring)
HPRegen 0.26/turn    (no ring)
MPRegen 0.10/turn

%: acrobat
@: no status effects
A: beak, talons 3, acrobatic
a: no special abilities


You were on level 3 of the Dungeon.
You visited 1 branch of the dungeon, and saw 4 of its levels.

You collected 138 gold pieces.

Inventory:

Hand Weapons
 a - a +0 spear (weapon)
 m - a +2 dagger of holy wrath
 r - a +0 long sword
Armour
 b - a +0 robe
 d - an orb of light
 k - a +0 ring mail (worn)
Jewellery
 g - an amulet of the acrobat (around neck)
 s - an amulet of magic regeneration
Scrolls
 e - 2 scrolls of enchant armour
 f - a scroll of noise {unknown}
 h - 2 scrolls of teleportation
 i - 2 scrolls of enchant weapon {unknown}
Potions
 l - 2 potions of heal wounds
 n - a potion of haste {unknown}
 o - 2 potions of enlightenment
 p - 2 potions of lignification
 q - a potion of mutation {unknown}


   Skills:
 * Level 5.9 Fighting
 - Level 5.0 Polearms
 + Level 3.4 Dodging


You had 4 spell levels left.
You knew the following spells:

 Your Spells              Type           Power      Damage    Failure   Level
a - Summon Small Mammal   Summ           0%         N/A       61%         1

Your spell library contained the following spells:

 Spells                   Type           Power      Damage    Failure   Level
 Apportation              Tloc           0%         N/A       61%         1
 Necrotise                Necr           0%         1d4       61%         1
 Sandblast                Erth           0%         2d4       61%         1
 Passwall                 Tmut/Erth      0%         N/A       75%         2
 Stone Arrow              Conj/Erth      0%         3d7       93%         3
 Vampiric Draining        Necr           0%         2d6       93%         3
 Agony                    Necr           0%         N/A       100%        5


Dungeon Overview and Level Annotations

Branches:
Dungeon (4/15)
 Temple: D:4-7

Altars:
Ashenzari
Yredelemnul

Shops:
D:3 :=*(

Annotations:
D:4 2 runed translucent doors


Innate Abilities, Weirdness & Mutations

You have a beak for a mouth.
You have claws for feet.
You can magically evade attacks while moving or waiting.


Message History

The ogre attacks as it pursues you! The ogre misses you.
The ogre attacks as it pursues you! The ogre closely misses you.
There is a stone staircase leading up here.
You climb upwards.
There is a stone staircase leading down, spattered with blood here.
You start resting.
HP restored.
You climb downwards.
The ogre hits you with a +0 giant club!
There is a stone staircase leading up here.
You hit the ogre but do no damage. You claw the ogre.
The ogre is lightly wounded.
The ogre closely misses you.
You hit the ogre. You claw the ogre. You peck the ogre.
The ogre is heavily wounded.
You hit the ogre.
The ogre is heavily wounded.
The ogre hits you with a +0 giant club!!
Ouch! That really hurt!
You barely miss the ogre.
The ogre is heavily wounded.
The ogre misses you.
You barely miss the ogre. You claw the ogre.
You peck the ogre, but do no damage.
The ogre is heavily wounded.
You barely miss the ogre. You claw the ogre.
The ogre is heavily wounded.
The ogre barely misses you.
You hit the ogre. You peck the ogre.
The ogre is severely wounded.
You hit the ogre. Your kick misses the ogre.
You peck the ogre, but do no damage.
The ogre is almost dead.
The ogre barely misses you.
You hit the ogre. You peck the ogre, but do no damage.
The ogre is almost dead.
You closely miss the ogre. You peck the ogre.
The ogre is almost dead.
The ogre hits you with a +0 giant club!!
Ouch! That really hurt!
You die...

###.........####....#########∩##.
# ##.......## ###.#.# #..#... #
##.....## #..>#.##### ##.#.#. #
##...## ###.........# ###.#. #
##'## #.......###.# ###.#. # #.#
#.......# #.# #..... #
####.#####.......# #.# #.#.##
####.........##.O.#####.# #.#.#
.........###<##[@.......####.#.##
####......##.###.#######.........
# #.#...........# #.###.##.# #
#.##.####.##### #.# #..... #
#.##.# #.# #.# ####.# #
#.##.####.# #.# #.# #.......>.#
#.######.# ####.###### #........#
#.# ##########


You could see an ogre.

Vanquished Creatures
  An ogre (D:4)
  A killer bee (D:4)
  An orc wizard (D:3)
  Robin (D:2)
  6 adders
  A worm (D:2)
  6 orcs
  3 ball pythons
  5 endoplasms
  A giant cockroach (D:3)
  13 goblins
  6 hobgoblins
  5 quokkas
  6 bats
  2 frilled lizards (D:1)
  2 kobolds
  10 rats
70 creatures vanquished.

Vanquished Creatures (collateral kills)
  A dart slug (D:2)
  A goblin (D:2)
2 creatures vanquished.

Grand Total: 72 creatures vanquished

Notes
Turn   | Place    | Note
-------+----------+-------------------------------------------
     0 | D:1      | Aneyh the Tengu Monk began the quest for the Orb.
     0 | D:1      | Reached XP level 1. HP: 14/14 MP: 2/2
   252 | D:1      | Reached XP level 2. HP: 17/19 MP: 3/3
   336 | D:1      | Learned a level 1 spell: Summon Small Mammal
  1015 | D:2      | Reached XP level 3. HP: 23/23 MP: 1/4
  1128 | D:2      | Found a faded altar of an unknown god.
  1539 | D:2      | Reached skill level 5 in Polearms
  1633 | D:2      | Found a basalt altar of Yredelemnul.
  1658 | D:2      | Reached XP level 4. HP: 28/28 MP: 5/5
  1697 | D:2      | Noticed Robin
  1714 | D:2      | Killed Robin
  2188 | D:2      | Reached XP level 5. HP: 33/33 MP: 6/6
  2412 | D:3      | Found Suvacw's Book Shoppe.
  2525 | D:3      | Found Qobaunk's Jewellery Shoppe.
  2666 | D:3      | Found a broken altar of Ashenzari.
  2920 | D:3      | Found Otih's Weapon Emporium.
  2974 | D:3      | Found Weuqom's Assorted Antiques.
  3252 | D:4      | Found a large runed translucent door.
  3253 | D:4      | Found a large runed translucent door.
  3257 | D:4      | Noticed a centaur
  3262 | D:4      | Noticed an ogre
  3273 | D:4      | Killed an ogre
  3274 | D:4      | Reached skill level 5 in Fighting
  3274 | D:4      | Reached XP level 6. HP: 26/40 MP: 7/7
  3592 | D:3      | Demolished by an ogre

Illustrated notes

Levels and vault maps discovered:
D:1:      dpeg_arrival_rhombi, layout_basic, minmay_vboxes
D:2:      minmay_evil_eye, layout_basic, shapermc_ecumenical_altar_totnotflames,
          basic_altar, uniq_robin
D:3:      layout_loops_corners, mainiacjoe_overflow_surrounded_room,
          serial_shops, nicolae_shop_just_a_little_nook,
          nicolae_shop_waterfront, nicolae_lakefront_shop,
          nicolae_book_shop_shelving, chequers_serial_rivers_small_a
D:4:      layout_basic, trog_hazing_becter, minmay_hollow_rounded_squares

Skill      XL: |  1  2  3  4  5 |
---------------+----------------+-----
Polearms       | 4 5 |  5.0
Fighting       | 4 5 |  5.9
Dodging        | |  3.4

Action                     |  1- 3 |  4- 6 || total
---------------------------+-------+-------++-------
  Melee: Spear             |    84 |   127 ||   211
         Kick              |    17 |    35 ||    52
         Peck              |     8 |    21 ||    29
         Punch             |     1 |       ||     1
   Cast: Summon Small Mamm |     9 |     2 ||    11
    Use: Scroll            |       |     4 ||     4
         Potion            |       |     2 ||     2
   Stab: Distracted        |     1 |     1 ||     2
         Sleeping          |     2 |       ||     2
 Armour: Robe              |    20 |    16 ||    36
         Ring mail         |       |    51 ||    51
  Dodge: Dodged            |    29 |    58 ||    87

Table legend: (Time is in decaauts)
 A = Elapsed time spent in this place.
 B = Non-inter-level travel time spent in this place.
 C = Inter-level travel time spent in this place.
 D = Time resting spent in this place.
 E = Time spent auto-exploring this place.
 F = Levels seen in this place.
 G = Mean time per level.
                   A        B        C        D        E       F      G
               +--------+--------+--------+--------+--------+-----+--------+
         Total |   3567 |   3427 |    140 |    701 |   2230 |   4 |  891.8 |
       Dungeon |   3567 |   3427 |    140 |    701 |   2230 |   4 |  891.8 |
               +--------+--------+--------+--------+--------+-----+--------+

Top non-repeatable levels by time:
     D:2: 1417 daAuts
     D:3: 1011 daAuts
     D:1: 917 daAuts
     D:4: 221 daAuts
